cohdb
Replays
Latest Replays
All Replays
Popular Replays
Top Player Replays
Match Explorer
How It Works
Community
CoH3 Stats
Reddit
Sign in to upload your games and track your stats! →
Sign in with Steam
Match 43727304
Unlisted
Match 43727304
Overview
Messages
Build Orders
End
Construct Infanterie Kompanie
Kettenkrad Recon Vehicle
MG 42 Machine Gun Team
Grenadier Squad
GrW 34 Mortar Team
Construct Panzergrenadier Kompanie
Support Elements
251 Medium Carrier
Forward Retreat Point
StuG III G Assault Gun
Nebelwerfer 42 Rocket Launcher Team
Panzergrenadier Officer Quarters
Selects Italian Coastal Battlegroup
Selects Coastal Reserves
Selects Artillery Officer
Artillery Officer
MG 42 Bunker
Infanterie Officer Quarters
Nebelwerfer 42 Rocket Launcher Team
Side Skirts
MG 42 Bunker
Selects Support Bunkers
Selects Designated Artillery Overwatch
Construct Panzer Kompanie
Panzer IV Medium Tank
Selects Bulwark
Panzer Officer Quarters
Papa Shango
Husar
Solid
GzINOD
famoswisemen
Kurwa Jeżyk
0
0
Comments
sign in to comment!
No comments posted yet!